 Dungeon Crawl Stone Soup version 0.29.1-15-g9cfb28693d (webtiles) character file.

Game seed: 2153237594145321722

359 javelincjr the Magician (level 6, -9/46 HPs)
             Began as a Demonspawn Hedge Wizard on Apr 7, 2023.
             Mangled by Duvessa
             ... wielding a +2 rapier of venom
              (20 damage)
             ... on level 4 of the Dungeon.
             The game lasted 00:11:28 (4247 turns).

javelincjr the Magician (Demonspawn Hedge Wizard)   Turns: 4247, Time: 00:11:29

Health: -9/46      AC:  5    Str: 12    XL:     6   Next: 37%
Magic:  0/12       EV: 16    Int: 15    God:
Gold:   210        SH:  0    Dex: 13    Spells: 7/13 levels left

rFire   + . .      SeeInvis .   x - +2 dagger (freeze)
rCold   + . .      Faith    .   r - orb {light}
rNeg    . . .      Spirit   .   y - +2 leather armour {rPois}
rPois   +          Reflect  .   c - +0 hat
rElec   .          Harm     .   n - scarf {rC+ rF+}
rCorr   .          Rampage  .   (no gloves)
Will    .....                   (no boots)
Stlth   +.........              (no amulet)
HPRegen 0.15/turn               o - +4 ring of evasion
MPRegen 0.13/turn               (no ring)

@: glowing
A: claws 2, horns 1, weakness stinger 1
a: no special abilities


You were on level 4 of the Dungeon.
You visited 1 branch of the dungeon, and saw 4 of its levels.

You collected 210 gold pieces.

Inventory:

Hand Weapons
 a - a +0 dagger
 q - a +1 dagger of venom
 x - a +2 dagger of freezing (weapon)
Armour
 b - a +0 robe
 c - a +0 hat (worn)
 n - a scarf of resistance (worn)
 r - an orb of light (worn)
 y - a +2 leather armour of poison resistance (worn)
 B - a +0 buckler
Jewellery
 o - a +4 ring of evasion (left claw)
 t - a ring of protection from fire
Scrolls
 f - a scroll of silence {unknown}
 g - 2 scrolls of fear {unknown}
 h - 2 scrolls of poison {unknown}
 i - 2 scrolls of teleportation {unknown}
 k - a scroll of noise {unknown}
 m - a scroll of butterflies {unknown}
 p - 3 scrolls of identify {unknown}
 s - a scroll of magic mapping {unknown}
 w - 2 scrolls of blinking {unknown}
 z - a scroll of enchant weapon {unknown}
 A - a scroll of immolation {unknown}
Potions
 d - 3 potions of magic
 e - a potion of degeneration {unknown}
 j - a potion of curing
 l - a potion of haste {unknown}
 u - a potion of lignification {unknown}
 v - a potion of brilliance {unknown}
 C - a potion of heal wounds {unknown}


   Skills:
 * Level 2.7 Fighting
 + Level 1.5 Armour
 + Level 2.5 Dodging
 - Level 1.7 Stealth
 + Level 0.4 Shields
 * Level 4.0 Spellcasting
 + Level 2.2 Conjurations
 + Level 2.2 Summonings
 + Level 1.9 Translocations
 + Level 0.5 Fire Magic


You had 7 spell levels left.
You knew the following spells:

 Your Spells              Type           Power      Damage    Failure   Level
a - Magic Dart            Conj           36%        1d4       9%          1
b - Call Imp              Summ           9%         N/A       14%         2
c - Blink                 Tloc           16%        N/A       16%         2
d - Foxfire               Conj/Fire      28%        2x1d5     13%         1

Your spell library contained the following spells:

 Spells                   Type           Power      Damage    Failure   Level
 Beastly Appendage        Tmut           6%         N/A       22%         1
 Sandblast                Erth           6%         2d5       22%         1
 Slow                     Hex            12%        N/A       22%         1
 Passwall                 Tmut/Erth      2%         N/A       34%         2
 Wereblood                Tmut           3%         N/A       34%         2
 Conjure Flame            Conj/Fire      7%         6-21      36%         3
 Stone Arrow              Conj/Erth      12%        3d7       41%         3
 Mephitic Cloud           Conj/Pois/Air  5%         N/A       45%         3
 Inner Flame              Hex/Fire       3%         N/A       52%         3
 Spider Form              Tmut/Pois      3%         N/A       56%         3
 Passage of Golubria      Tloc           8%         N/A       71%         4
 Flame Wave               Conj/Fire      7%         2d5       77%         4
 Animate Armour           Summ/Erth      12%        N/A       82%         4
 Silence                  Hex/Air        1%         N/A       99%         5
 Lehudib's Crystal Spear  Conj/Erth      3%         10d2      100%        8


Dungeon Overview and Level Annotations

Branches:
Dungeon (4/15)
 Temple: D:4-7

Altars:

Annotations:
D:4 Duvessa, Robin


Innate Abilities, Weirdness & Mutations

You have very sharp fingernails.
You have a pair of small horns on your head.
You have a small tail.


Message History

You hit the hobgoblin but do no damage. You hit the hobgoblin but do no damage.
You tail-slap the hobgoblin.
You kill the hobgoblin!
The orc wizard casts a spell.
The orc wizard flickers and vanishes for a moment.
A goblin comes into view. It is wielding a +0 club.
Duvessa hits you with a +2 rapier of venom.
Casting: Blink (safe; 16% risk of failure)
Confirm with . or Enter, or press ? or * to list all spells.
You blink.
Robin throws the goblin at you! The goblin hits you but does no damage.
The goblin no longer looks unusually strong.
The goblin completely misses you.
You see here a scroll labelled LUQIRA SIUSI.
The goblin attacks as you move away! The goblin barely misses you.
The goblin attacks as you move away! The goblin misses you.
Robin's horned helmet rattles.
Robin throws the goblin at you! The goblin hits you but does no damage.
You see here a hobgoblin corpse.
You barely miss the goblin.
You feel stable enough to blink again.
The hobgoblin throws a stone.
The stone closely misses you. The goblin hits you with a +0 dagger.
The goblin misses you. Duvessa barely misses you.
Duvessa attacks as you move away! Duvessa misses you.
The goblin attacks as you move away! The goblin completely misses you.
The goblin no longer looks unusually strong.
The goblin closely misses you. The goblin misses you.
Duvessa hits you with a +2 rapier of venom!
Casting: Blink (safe; 16% risk of failure)
Confirm with . or Enter, or press ? or * to list all spells.
A beastly little devil appears in a puff of frigid air.
The goblin no longer looks unusually strong.
Duvessa closely misses you.
Duvessa hits you with a +2 rapier of venom.
* * * LOW HITPOINT WARNING * * *
Duvessa attacks as you move away!
Duvessa hits you with a +2 rapier of venom!!
You die...

#)#.#..#######......#
#######....g..###........##
###.......#.##)..........###
+........g#.#.)..+...#####
#......g#g#.#.######
#......g#g..#)#
.#....?o.#...#.#
........gg#g###5# ####
≈..~~.†...†ge@).# #...
~~..~....g#g##### #.##
~~..~~.....†.# #.#.
.~~..~.......# #.#.
.~~..~.###.... #.#. .~~..~.
'..... #.#. ~..~~. .#......
#.#. .~≈. .#....... ##.##
#....


You could see Duvessa (berserk, ally target), 2 hobgoblins, 4 goblins and a
friendly white imp (summoned).

Vanquished Creatures
  Dowan (D:4)
  A hound (D:4)
  4 orc wizards
  9 adders
  2 worms
  A dart slug (D:1)
  13 orcs
  7 bats
  5 endoplasms
  A giant cockroach (D:4)
  10 goblins
  8 hobgoblins
  2 jackals (D:3)
  2 quokkas (D:4)
  7 ball pythons
  5 frilled lizards
  8 kobolds
  2 rats (D:3)
88 creatures vanquished.

Vanquished Creatures (others)
  149 foxfires
149 creatures vanquished.

Grand Total: 237 creatures vanquished

Notes
Turn   | Place    | Note
-------+----------+-------------------------------------------
     0 | D:1      | javelincjr the Demonspawn Hedge Wizard began the quest for
                  | the Orb.
     0 | D:1      | Reached XP level 1. HP: 13/13 MP: 4/4
   111 | D:1      | Reached skill level 1 in Translocations
   209 | D:1      | Discovered your monstrous ancestry.
   209 | D:1      | Gained mutation: You have a small tail. [demonic ancestry]
   209 | D:1      | Reached XP level 2. HP: 20/20 MP: 3/6
   997 | D:1      | Learned a level 2 spell: Call Imp
  1000 | D:1      | Learned a level 2 spell: Blink
  1060 | D:1      | Reached skill level 1 in Fighting
  1217 | D:2      | Gained mutation: You have sharp fingernails. [demonic
                  | ancestry]
  1217 | D:2      | Reached XP level 3. HP: 26/26 MP: 5/7
  1980 | D:2      | Gained mutation: You have very sharp fingernails. [demonic
                  | ancestry]
  1980 | D:2      | Reached XP level 4. HP: 32/32 MP: 2/9
  2415 | D:2      | Learned a level 1 spell: Foxfire
  2507 | D:3      | Reached skill level 1 in Armour
  2616 | D:3      | Gained mutation: You have a pair of small horns on your
                  | head. [demonic ancestry]
  2616 | D:3      | Reached XP level 5. HP: 30/38 MP: 1/10
  3788 | D:4      | Noticed Dowan
  3819 | D:4      | Killed Dowan
  3820 | D:4      | Reached XP level 6. HP: 35/46 MP: 1/11
  3919 | D:4      | Reached skill level 4 in Spellcasting
  4200 | D:4      | Noticed Robin
  4232 | D:4      | Noticed Duvessa
  4247 | D:4      | Mangled by Duvessa

Illustrated notes

Levels and vault maps discovered:
D:1:      dpeg_arrival_ternary, layout_rooms
D:2:      layout_basic
D:3:      layout_basic, zin_statuary, chequers_serial_rivers_micro_a,
          minmay_circle_x
D:4:      layout_basic, mainiacjoe_overflow_catch_the_wave, eino_curves_04,
          uniq_ijyb, uniq_duvessa, uniq_robin

Skill      XL: |  1  2  3  4  5  6 |
---------------+-------------------+-----
Translocations | 1 |  1.9
Dodging        | 2 |  2.5
Fighting       | 1 2 |  2.7
Armour         | 1 |  1.5
Conjurations   | 2 |  2.2
Summonings     | 2 |  2.2
Spellcasting   | 4 |  4.0
Stealth        | |  1.7
Shields        | |  0.4
Fire Magic     | |  0.5

Action                   |  1- 3 |  4- 6 || total
-------------------------+-------+-------++-------
Melee: Dagger            |    22 |    50 ||    72
       Tailslap          |     3 |    10 ||    13
       Headbutt          |       |     3 ||     3
 Cast: Magic Dart        |    94 |     5 ||    99
       Foxfire           |       |    89 ||    89
       Call Imp          |       |     2 ||     2
       Blink             |       |     2 ||     2
  Use: Potion            |     1 |       ||     1
Armor: Robe              |     4 |     6 ||    10
       Leather armour    |       |     8 ||     8
Dodge: Dodged            |    23 |    54 ||    77
